 Seeded DCSS version 0.30-a0-924-g0ad0bf95bc (webtiles) character file.

Game seed: 6288695233667593312 (custom seed)

1011 Darius099 the Ruffian (level 8, -2/101 HPs)
             Began as a Troll Monk on Mar 23, 2023.
             Was an Elder of Jiyva.
             Slain by a sleepcap (3 damage)
             ... on level 6 of the Dungeon.
             The game lasted 00:08:24 (4095 turns).

Darius099 the Ruffian (Troll Monk)                  Turns: 4095, Time: 00:08:24

Health: -2/101     AC:  4    Str: 20    XL:     8   Next: 1%
Magic:  7/7        EV: 11    Int:  6    God:    Jiyva [****..]
Gold:   262        SH:  0    Dex: 14    Spells: 7/7 levels left

rFire   . . .      SeeInvis .      - Unarmed
rCold   . . .      Faith    .    (no shield)
rNeg    . . .      Spirit   .    a - +0 robe
rPois   .          Reflect  .    (helmet restricted)
rElec   .          Rampage  .    (no cloak)
rCorr   +                        (gloves unavailable)
Will    .....                    (boots unavailable)
Stlth   ++                       (no amulet)
HPRegen 3.24/turn                h - ring of flight
MPRegen 0.50/turn                (no ring)

@: lethally poisoned (-2 -> -5), flying
A: large, unfitting armour, claws 3, regeneration 2, shaggy fur 1, tough skin 1,
robust 3
a: Renounce Religion, Oozemancy, Slimify


You were on level 6 of the Dungeon.
You worshipped Jiyva.
Jiyva was greatly pleased with you.
You visited 1 branch of the dungeon, and saw 6 of its levels.
You also visited: Sewer.

You collected 262 gold pieces.

Inventory:

Armour
 a - a +0 robe (worn)
Jewellery
 h - a ring of flight (left claw)
Scrolls
 e - 2 scrolls of enchant armour {unknown}
 g - a scroll of silence {unknown}
 i - 2 scrolls of enchant weapon
 j - a scroll of teleportation {unknown}
 k - a scroll of vulnerability
 n - a scroll of brand weapon {unknown}
 t - a scroll of blinking
 v - a scroll of fear {unknown}
 w - a scroll of torment {unknown}
 x - a scroll of poison {unknown}
Potions
 b - a potion of ambrosia
 c - a potion of brilliance {unknown}
 d - 3 potions of curing
 f - 2 potions of resistance {unknown}
 m - a potion of haste {unknown}
 o - 2 potions of mutation
 p - 2 potions of might
 q - a potion of experience {unknown}
 r - a potion of magic {unknown}
 s - 2 potions of heal wounds {unknown}
 u - a potion of attraction {unknown}


   Skills:
 - Level 4.1 Fighting
 - Level 4.1 Dodging
 - Level 2.6 Stealth
 + Level 6.7 Unarmed Combat


You had 7 spell levels left.
You didn't know any spells.
Your spell library contained the following spells:

 Spells                   Type           Power      Damage    Failure   Level
 Blade Hands              Tmut           0%         N/A       100%        5
 Irradiate                Conj/Tmut      0%         3d11      100%        5
 Dragon Form              Tmut           0%         N/A       100%        7


Dungeon Overview and Level Annotations

Branches:
Dungeon (6/15)              Sewer (visited)
 Temple: D:4-7

Altars:
Ashenzari
Cheibriados
Dithmenos
Okawaru
Xom

Shops:
D:1 (   D:5 =


Innate Abilities, Weirdness & Mutations

You are too large for most types of armour.
You have claws for hands.
You heal very quickly.
You are covered in fur. (AC +1)
You have tough skin. (AC +1)
You are extremely robust. (+30% HP)


Message History

The sleepcap is moderately damaged.
You feel very sick.
The gnoll hits you from afar with a +0 halberd.
The gnoll sergeant hits you with a +0 spear of venom!
You are more poisoned.
The sleepcap closely misses you. The gnoll barely misses you.
The gnoll bouda hits you with a +0 whip!
The gnoll barely misses you. The gnoll attacks as you move away!
The gnoll closely misses you. The sleepcap attacks as you move away!
The sleepcap releases spores at you but does no damage.
You feel very sick.
The gnoll sergeant hits you from afar with a +0 spear of venom!
You are more poisoned.
The gnoll hits you from afar with a +0 spear!
The gnoll bouda calls upon its god to heal the gnoll sergeant.
The gnoll sergeant is healed somewhat.
You feel extremely sick. The gnoll sergeant barely misses you.
You hear a distant slurping noise.
The gnoll bouda calls upon its god to heal the gnoll sergeant.
The gnoll sergeant's wounds heal themselves!
You feel very sick.
You reach down and open the door.
You feel very sick. The gnoll hits you but does no damage.
The gnoll sergeant closely misses you. The sleepcap releases spores at you.
* * * LOW HITPOINT WARNING * * *
You are engulfed in a cloud of soporific spores!
You fall asleep.
Found a trident.
You feel very sick.
The gnoll hits you from afar with a +0 spear!!
You wake up.
* * * LOW HITPOINT WARNING * * *
The gnoll sergeant hits you from afar with a +0 spear of venom!
* * * LOW HITPOINT WARNING * * *
You are lethally poisoned!
The gnoll closely misses you. The sleepcap releases spores at you.
You die...

#...##...#.#.#.#.
###'###'##....... #####
#.............#.# #.....
#......<........# ...PPP
###'##...############.PP?..
#....#...#.................
#....+...#........g........
#....#...#........gg......P
#....##+##......@fgg..PP..P
#...........###'#####......
#...........#... ......
#...........#... #....
#####.......#... ....
#.......+..) ...
#.......#.## ## .#########
..


You could see a sleepcap, a gnoll sergeant (swift), a gnoll bouda and 3 gnolls.

Vanquished Creatures
  The ghost of cforsyth the Covered, a novice HuFi of Okawaru (D:4)
  An ogre (D:5)
  3 scorpions
  2 hounds (D:5)
  2 jellies (Sewer)
  A gnoll bouda (D:5)
  An iguana (D:4)
  An orc wizard (D:4)
  4 gnolls
  5 adders
  3 river rats (Sewer)
  3 ufetubi
  3 worms
  3 dart slugs
  5 orcs
  13 ball pythons
  4 bats
  14 endoplasms
  7 giant cockroaches
  8 goblins
  11 hobgoblins
  14 jackals
  8 quokkas
  7 frilled lizards
  8 kobolds
  7 rats
139 creatures vanquished.

Vanquished Creatures (others)
  2 jellies (D:5)
  2 gnolls (D:5)
  A dart slug (D:5)
  5 orcs (D:5)
  A quokka (D:4)
  13 plants
24 creatures vanquished.

Grand Total: 163 creatures vanquished

Notes
Turn   | Place    | Note
-------+----------+-------------------------------------------
     0 | D:1      | Darius099 the Troll Monk began the quest for the Orb.
     0 | D:1      | Reached XP level 1. HP: 22/22 MP: 0/0
    78 | D:1      | Reached XP level 2. HP: 29/29 MP: 1/1
   490 | D:1      | You fall into a shaft and drop 1 floor!
   524 | D:2      | Reached XP level 3. HP: 36/36 MP: 2/2
   679 | D:2      | Found a shadowy altar of Dithmenos.
   785 | D:2      | Reached XP level 4. HP: 38/44 MP: 3/3
  1453 | D:3      | Found a broken altar of Ashenzari.
  1598 | D:3      | Found a glowing drain.
  1671 | Sewer    | Entered a sewer
  1751 | Sewer    | Reached XP level 5. HP: 48/53 MP: 4/4
  1795 | Sewer    | Found a viscous altar of Jiyva.
  1868 | Sewer    | Reached skill level 4 in Unarmed Combat
  1909 | Sewer    | Became a worshipper of Jiyva Juedacro the Shapeless
  1909 | Sewer    | Reached * piety under Jiyva
  1909 | Sewer    | Reached ** piety under Jiyva
  2449 | D:4      | Reached XP level 6. HP: 61/61 MP: 5/5
  2748 | D:4      | Found a large runed translucent door.
  2748 | D:4      | Found a large runed translucent door.
  2751 | D:4      | Noticed cforsyth's ghost (novice HuFi)
  3050 | D:4      | Killed cforsyth's ghost
  3051 | D:4      | Reached XP level 7. HP: 38/70 MP: 6/6
  3138 | D:5      | Entered Level 5 of the Dungeon
  3211 | D:5      | Reached *** piety under Jiyva
  3235 | D:5      | Reached skill level 5 in Unarmed Combat
  3243 | D:5      | Reached skill level 6 in Unarmed Combat
  3541 | D:5      | Gained mutation: You are robust. (+10% HP) [Jiyva's grace]
  3541 | D:5      | Gained mutation: You are very robust. (+20% HP) [Jiyva's
                  | grace]
  3541 | D:5      | Gained mutation: You are extremely robust. (+30% HP)
                  | [Jiyva's grace]
  3541 | D:5      | Gained mutation: You heal very quickly. [Jiyva's grace]
  3627 | D:5      | Reached XP level 8. HP: 64/101 MP: 7/7
  3650 | D:5      | Found a snail-covered altar of Cheibriados.
  3711 | D:5      | Found Ycapnecw's Jewellery Shop.
  3712 | D:5      | Reached **** piety under Jiyva
  3895 | D:5      | Found an iron altar of Okawaru.
  3901 | D:5      | Found a shimmering altar of Xom.
  4095 | D:6      | HP: 1/101 [gnoll sergeant/+0 spear of venom (8)]
  4095 | D:6      | Slain by a sleepcap

Illustrated notes

Levels and vault maps discovered:
D:1:      minmay_arrival_five_plusses, layout_loops_ring, serial_shops, shop
D:2:      layout_loops_corners, serial_bayou, serial_bayou_lagoon_a,
          serial_bayou_pond_d, serial_bayou_pond_c, serial_bayou_pond_d,
          serial_bayou_ford_a, serial_bayou_pond_d, basic_altar,
          minmay_tetromino_s4
D:3:      layout_loops_ring, overflow_temple_1_default,
          cheibrodos_sewer_entry_sluice, saegor_snake_ambush
D:4:      layout_basic, ebering_ghost_disaster_area, minmay_splitting_lines
D:5:      layout_basic, nicolae_overflow_hidden_temple, serial_shops,
          nicolae_stop_n_shop_2
D:6:      old_forge, layout_gridville, mainiacjoe_overflow_tiny_flanked,
          serial_shops, nicolae_take_the_stairs, serial_glass, glass_columns_a,
          glass_columns_c, hex_large, nicolae_grassy_gnolls

Skill      XL: |  1  2  3  4  5  6  7 |
---------------+----------------------+-----
Fighting       | 3 4 |  4.1
Dodging        | 3 4 |  4.1
Stealth        | 2 |  2.6
Unarmed Combat | 4 6 |  6.7

Action                     |  1- 3 |  4- 6 |  7- 9 || total
---------------------------+-------+-------+-------++-------
  Melee: Unarmed           |    95 |   225 |    40 ||   360
         Punch             |       |     5 |     3 ||     8
    Use: Scroll            |       |       |     7 ||     7
   Stab: Sleeping          |     7 |     8 |       ||    15
 Armour: Robe              |    26 |    55 |    10 ||    91
  Dodge: Dodged            |    34 |    99 |    40 ||   173

Table legend: (Time is in decaauts)
 A = Elapsed time spent in this place.
 B = Non-inter-level travel time spent in this place.
 C = Inter-level travel time spent in this place.
 D = Time resting spent in this place.
 E = Time spent auto-exploring this place.
 F = Levels seen in this place.
 G = Mean time per level.
                   A        B        C        D        E       F      G
               +--------+--------+--------+--------+--------+-----+--------+
         Total |   4083 |   3961 |    122 |    155 |   2896 |   7 |  583.3 |
       Dungeon |   3836 |   3714 |    122 |    155 |   2811 |   6 |  639.3 |
         Sewer |    246 |    246 |      0 |      0 |     85 |   1 |  246.0 |
               +--------+--------+--------+--------+--------+-----+--------+

Top non-repeatable levels by time:
     D:5: 901 daAuts
     D:2: 880 daAuts
     D:4: 789 daAuts
     D:3: 727 daAuts
     D:1: 486 daAuts
   Sewer: 246 daAuts
     D:6: 50 daAuts
